 Dungeon Crawl Stone Soup version 0.26.0-16-gc1dbca0489 (webtiles) character file.

Game seed: 17127432448605980813

676 trckry the Insei (level 7, -1/52 HPs)
             Began as a Grey Draconian Transmuter on Jan 17, 2021.
             Killed from afar by an orc wizard (6 damage)
             ... with a magic dart
             ... on level 5 of the Dungeon.
             The game lasted 00:09:54 (4313 turns).

trckry the Insei (Grey Draconian Transmuter)        Turns: 4313, Time: 00:09:55

Health: -1/52      AC:  9    Str: 12    XL:     7   Next: 33%
Magic:  10/10      EV: 11    Int: 15    God:
Gold:   250        SH:  4    Dex: 12    Spells: 7/10 levels left

rFire    + . .     SeeInvis .     - Unarmed
rCold    x x .     Faith    .   v - +1 buckler of the Accordion {rPois rC- rN+}
rNeg     + . .     Spirit   .   (armour unavailable)
rPois    +         Reflect  .   (helmet currently unavailable)
rElec    .         Harm     .   (no cloak)
rCorr    .         Rampage  .   o - +1 pair of gloves {archery}
Will     .....                  (boots currently unavailable)
Stlth    +.........             j - amulet of magic regeneration
HPRegen  0.17/turn              s - ring of fire
MPRegen  0.37/turn              (no ring)

@: appendages, wereblooded, corroded
A: walk through water, unfitting armour, horns 2, talons 2, unbreathing,
cold-blooded, AC +11
a: End Transformation


You were on level 5 of the Dungeon.
You had grown temporary horns.
You had grown temporary talons.
You visited 1 branch of the dungeon, and saw 5 of its levels.

You collected 250 gold pieces.

Inventory:

Missiles
 q - 18 poisoned darts (quivered)
Armour
 o - a +1 pair of gloves of archery (worn)
 v - the +1 buckler of the Accordion (worn) {rPois rC- rN+}
   (You found it on level 4 of the Dungeon)

   It makes you vulnerable to cold.
   It protects you from poison.
   It protects you from negative energy.
Jewellery
 j - an amulet of magic regeneration (around neck)
 s - a ring of fire (left hand)
Scrolls
 a - a scroll of remove curse {unknown}
 c - 4 scrolls of identify {unknown}
 h - 3 scrolls of teleportation {unknown}
 k - 4 scrolls of enchant weapon {unknown}
 m - a scroll of amnesia {unknown}
 n - a scroll of magic mapping {unknown}
 r - a scroll of fog {unknown}
 u - a scroll of noise {unknown}
 y - a scroll of enchant armour {unknown}
Potions
 b - a potion of degeneration {unknown}
 d - 2 potions of resistance {unknown}
 e - a potion of heal wounds {unknown}
 f - a potion of magic {unknown}
 g - a potion of curing {unknown}
 i - a potion of might {unknown}
 l - a potion of ambrosia {unknown}
 p - a potion of flight {unknown}
 t - a potion of berserk rage {unknown}
 w - a potion of attraction {unknown}
 x - 2 potions of lignification {unknown}
 z - a potion of mutation {unknown}


   Skills:
 - Level 1.1 Fighting
 - Level 1.7 Dodging
 + Level 1.0 Shields
 * Level 6.3 Unarmed Combat
 - Level 2.0 Spellcasting
 * Level 5.9 Transmutations


You had 7 spell levels left.
You knew the following spells:

 Your Spells              Type           Power        Failure   Level
a - Beastly Appendage     Tmut           38%          2%          1
b - Wereblood             Tmut           19%          4%          2

Your spell library contained the following spells:

 Spells                   Type           Power        Failure   Level
 Spider Form              Tmut/Pois      5%           28%         3
 Blade Hands              Tmut           9%           61%         5
 Ice Form                 Ice/Tmut       10%          67%         4


Dungeon Overview and Level Annotations

Branches:
Dungeon (5/15)             Temple (0/1) D:5

Altars:

Annotations:
D:3 Grinder


Innate Abilities, Weirdness & Mutations

You can walk through water.
Your dull iron-grey scales are very hard. (AC +11)
You cannot fit into any form of body armour.
You can survive without breathing.
You are cold-blooded and may be slowed by cold attacks.
You have a pair of horns on your head.
You have razor-sharp toenails.


Message History

The arrow barely misses you.
The orc wizard hits you with a +0 dagger.
You hit the orc wizard but do no damage.
Your headbutt misses the orc wizard.
The orc wizard is moderately wounded.
The orc wizard hits you with a +0 dagger.
The centaur shoots an arrow.
The arrow hits you but does no damage. The orc wizard casts a spell at you.
You resist with some effort.
A worker ant comes into view.
The centaur shoots an arrow.
The arrow hits you.
You see here an arrow.
The centaur shoots an arrow.
The arrow hits you!
* * * LOW HITPOINT WARNING * * *
You hear some strange, mumbled words.
You see here an arrow.
The centaur unwields a +0 shortbow.
The centaur barely misses you. The orc wizard casts a spell at you.
The magic dart hits you.
You die...

## . .# ####.
######...
.....!Bc#######
#.@.......
#######(#.(#####
####.....)(....#
##....#####o###...#
#####..#### #$#
##.# ......## #.#
.# ####### #o# .
...#


.oo ##.....# ... You could see a centaur, a worker ant, an orc priest, an orc
wizard and an orc.

Vanquished Creatures
  An ogre (D:4)
  2 howler monkeys (D:4)
  A jelly (D:5)
  An orc priest (D:5)
  6 orc wizards
  Jessica (D:3)
  Terence (D:2)
  3 worker ants (D:4)
  6 adders
  A river rat (D:3)
  An ooze (D:4)
  2 adder skeletons (D:4)
  A worm (D:3)
  3 dart slugs
  3 leopard geckos
  18 orcs
  2 ball pythons (D:3)
  2 giant cockroaches
  6 goblins
  6 hobgoblins
  2 jackals (D:3)
  3 kobolds
  3 quokkas
  A ball python skeleton (D:4)
  6 bats
  4 frilled lizards
  2 quokka skeletons (D:4)
  13 rats
101 creatures vanquished.

Notes
Turn   | Place    | Note
-------+----------+-------------------------------------------
     0 | D:1      | trckry the Draconian Transmuter began the quest for the
                  | Orb.
     0 | D:1      | Reached XP level 1. HP: 16/16 MP: 3/3
   256 | D:1      | Reached XP level 2. HP: 11/23 MP: 5/5
   266 | D:1      | Learned a level 2 spell: Wereblood
  1088 | D:2      | Reached XP level 3. HP: 28/28 MP: 6/6
  1821 | D:3      | Noticed Jessica
  1849 | D:3      | Reached skill level 4 in Unarmed Combat
  1852 | D:3      | Killed Jessica
  1853 | D:3      | Reached XP level 4. HP: 32/35 MP: 4/7
  1862 | D:3      | Reached XP level 5. HP: 17/40 MP: 4/8
  1945 | D:3      | Noticed Terence
  1955 | D:3      | Noticed Grinder
  2004 | D:2      | HP: 4/40 [Terence/+0 flail (9)]
  2058 | D:2      | HP: 2/40 [Terence/+0 flail (9)]
  2364 | D:2      | Killed Terence
  2540 | D:3      | Reached skill level 5 in Unarmed Combat
  2640 | D:3      | Paralysed by Grinder for 5 turns
  3030 | D:4      | Reached XP level 6. HP: 47/47 MP: 9/9
  3296 | D:4      | Reached skill level 5 in Transmutations
  3585 | D:4      | Reached skill level 6 in Unarmed Combat
  3585 | D:4      | Your scales start taking on a dull iron-grey colour.
  3585 | D:4      | Reached XP level 7. HP: 50/52 MP: 10/10
  3585 | D:4      | Gained mutation: You can survive without breathing. [Grey
                  | Draconian growth]
  3617 | D:4      | Got a heavily runed buckler
  3623 | D:4      | Identified the +1 buckler of the Accordion {rPois rC- rN+}
                  | (You found it on level 4 of the Dungeon)
  3812 | D:5      | Entered Level 5 of the Dungeon
  3823 | D:5      | Found a staircase to the Ecumenical Temple.
  4306 | D:5      | Reached skill level 1 in Shields
  4312 | D:5      | HP: 5/52 [centaur/arrow (17)]
  4313 | D:5      | Killed from afar by an orc wizard

Illustrated notes

Levels and vault maps discovered:
D:1:      dpeg_arrival_rhombi, layout_loops_ring
D:2:      layout_basic
D:3:      layout_rooms, portal_sewer_entry_b, uniq_grinder, uniq_terence,
          uniq_jessica
D:4:      minmay_diamond_boxcup, layout_basic, minmay_puff
D:5:      layout_rooms, minmay_temple_entry_grid, basic_altar

Skill      XL: |  1  2  3  4  5  6  7 |
---------------+----------------------+-----
Transmutations | 3 4 5 |  5.9
Unarmed Combat | 4 5 6 |  6.3
Shields        | 1 |  1.0
Fighting       | |  1.1
Dodging        | |  1.7
Spellcasting   | |  2.0

Action                   |  1- 3 |  4- 6 |  7- 9 || total
-------------------------+-------+-------+-------++-------
Melee: Unarmed           |   133 |   173 |    42 ||   348
       Punch             |     1 |     6 |       ||     7
       Tailslap          |    11 |    11 |     4 ||    26
       Kick              |    12 |    33 |     9 ||    54
       Headbutt          |     6 |    20 |     6 ||    32
Throw: Dart              |       |     3 |       ||     3
 Cast: Beastly Appendage |     8 |    19 |     4 ||    31
       Wereblood         |     2 |     3 |     3 ||     8
 Stab: Sleeping          |       |     1 |       ||     1
Armor: Skin              |    45 |    32 |    23 ||   100
Dodge: Dodged            |    82 |    91 |    11 ||   184
Block: Buckler           |       |       |     4 ||     4
